 Dungeon Crawl Stone Soup version 0.23-a0-41-g8b50da7 (webtiles) character file.

67 suicidejoker the Bolt Thrower (level 4, 0/30 HPs)
             Began as an Octopode Hunter on Aug 6, 2018.
             Succumbed to an adder's poison
             ... on level 2 of the Dungeon.
             The game lasted 00:02:19 (1335 turns).

suicidejoker the Bolt Thrower (Octopode Hunter)     Turns: 1335, Time: 00:02:20

Health: 0/30       AC:  1    Str: 11    XL:     4   Next: 18%
Magic:  4/4        EV: 14    Int: 13    God:
Gold:   97         SH:  0    Dex: 13    Spells: 3/3 levels left

rFire    . . .     SeeInvis .   b - +0 short sword
rCold    . . .     Gourm    .   (no shield)
rNeg     . . .     Faith    .   (helmet restricted)
rPois    .         Spirit   .   (no amulet)
rElec    .         Reflect  .   (no ring)
rCorr    .         Harm     .   (no ring)
MR       .....                  (no ring)
Stlth    +++.......             (no ring)
HPRegen  0.10/turn              (no ring)
MPRegen  0.09/turn              (no ring)
                                (no ring)
                                (no ring)

@: lethally poisoned (0 -> -4)
A: almost no armour, stealthy swim, amphibious, 8 rings, constrict 8, camouflage
1, gelatinous body 1
a: no special abilities


You were on level 2 of the Dungeon.
You were very hungry.

You visited 1 branch of the dungeon, and saw 2 of its levels.

You collected 97 gold pieces.

Inventory:

Hand Weapons
 a - a +1 hand crossbow
 b - a +0 short sword (weapon)
Missiles
 m - 44 stones (quivered)
 n - 18 sling bullets
Jewellery
 h - an uncursed amulet of regeneration {unknown}
Scrolls
 e - a scroll of teleportation {unknown}
 i - 2 scrolls of amnesia {unknown}
 j - a scroll of fog {unknown}
Potions
 g - a potion of lignification {unknown}
 l - a potion of heal wounds {unknown}
Comestibles
 d - 4 rations


   Skills:
 * Level 2.9 Fighting
 * Level 4.5 Crossbows
 * Level 2.8 Dodging
 + Level 2.2 Stealth


You had 3 spell levels left.
You didn't know any spells.
Your spell library was empty.

Dungeon Overview and Level Annotations

Branches:
Dungeon (2/15)

Altars:


Innate Abilities, Weirdness & Mutations

You cannot wear most types of armour.
You are very stealthy in the water. (Stealth+)
You are amphibious.
You can wear up to eight rings at the same time.
You can use your tentacles to constrict eight enemies at once.
Your skin changes colour to match your surroundings (Stealth+).
Your rubbery body absorbs attacks. (AC +1, EV +1)


Message History

You hit the adder. Your grab misses the adder.
The adder is severely wounded.
The adder closely misses you. The adder bites you.
* * * LOW HITPOINT WARNING * * *
You closely miss the adder. Your grab misses the adder.
Your squeeze misses the adder.
The adder is severely wounded.
The adder barely misses you.
You closely miss the adder. Your grab misses the adder.
The adder is severely wounded.
The adder misses you.
You barely miss the adder. Your grab misses the adder.
The adder is severely wounded.
The adder bites you.
* * * LOW HITPOINT WARNING * * *
You are lethally poisoned!
The adder poisons you! The adder bites you.
* * * LOW HITPOINT WARNING * * *
It was a potion of cancellation.
You feel magically purged.
You die...

....(..(...#
#..........#
.)8[....8..#
....(...(..#
#.#.......# #.#.#..#
# #.#.#.## #.
#.#.#.###########
#..#>.....).@S((.(.(
#...<#.#.#####!...(.
#.####.#.# .†...
#(.....#.# )...
########.# ... !.#
.. ### .


You could see an adder.

Vanquished Creatures
  2 adders (D:2)
  A worm (D:2)
  A dart slug (D:1)
  3 leopard geckos
  A ball python (D:2)
  4 bats
  A giant cockroach (D:2)
  4 hobgoblins
  4 jackals (D:1)
  4 frilled lizards
  7 goblins
  5 kobolds
  4 rats (D:1)
41 creatures vanquished.

Notes
Turn   | Place    | Note
-------+----------+-------------------------------------------
     0 | D:1      | suicidejoker the Octopode Hunter began the quest for the Orb.
     0 | D:1      | Reached XP level 1. HP: 14/14 MP: 1/1
   107 | D:1      | Reached XP level 2. HP: 19/19 MP: 2/2
   514 | D:1      | Reached XP level 3. HP: 16/25 MP: 3/3
  1289 | D:2      | Reached XP level 4. HP: 18/30 MP: 4/4
  1334 | D:2      | HP: 1/30 [adder (1)]
  1335 | D:2      | Succumbed to an adder's poison

Vault maps used:
D:1:      lightli_arrival_boilingwater
D:2:      st_stairs_1, uniq_natasha

Skill      XL: |  1  2  3 |
---------------+----------+-----
Stealth        | 2 |  2.2
Fighting       | |  2.9
Crossbows      | |  4.5
Dodging        | |  2.8

Action                   |  1- 3 |  4- 6 || total
-------------------------+-------+-------++-------
Melee: Short sword       |    12 |    12 ||    24
       Constrict         |     2 |     3 ||     5
       Tentacles         |     2 |     1 ||     3
 Fire: Hand crossbow     |    72 |       ||    72
Throw: Stone             |       |     7 ||     7
       Tomahawk          |       |     4 ||     4
  Use: Potion            |       |     1 ||     1
Armor: Skin              |     4 |       ||     4
Dodge: Dodged            |    36 |     7 ||    43

Table legend:
 A = Spawn XP
 B = Non-spawn XP
 C = Spawn XP percentage of total XP
 D = Spawn monster count
 E = Non-spawn monster count
 F = Spawn count percentage of total count
 G = Total turns spent on level
                    A         B        C        D         E        F      G
               +---------+---------+-------+---------+---------+-------+---------
         Total |       0 |      97 |   0.0 |       0 |      41 |   0.0 |  1335
               +---------+---------+-------+---------+---------+-------+---------
           D:1 |       0 |      45 |   0.0 |       0 |      26 |   0.0 |  1249
           D:2 |       0 |      52 |   0.0 |       0 |      15 |   0.0 |    86
               +---------+---------+-------+---------+---------+-------+---------
